 Dungeon Sprint DCSS version 0.27-a0-1193-g8631133539 (webtiles) character file.

Game seed: 17146506121449146812

39 rocky1 the Shield-Bearer (level 3, -9/29 HPs)
             Began as a Formicid Fighter on May 26, 2021.
             Was an Elder of Cheibriados.
             Mangled by an orc warrior
             ... wielding a +0 short sword
              (11 damage)
             ... in the Dungeon (Sprint VII: "The Pits").
             The game lasted 00:01:00 (196 turns).

rocky1 the Shield-Bearer (Formicid Fighter)          Turns: 196, Time: 00:01:01

Health: -9/29      AC:  6    Str: 30    XL:     3   Next: 70%
Magic:  4/5        EV:  9    Int: 16    God:    Cheibriados [****..]
Gold:   0          SH: 12    Dex: 19    Spells: 2/2 levels left

rFire    . . .     SeeInvis +   a - +0 war axe
rCold    . . .     Faith    .   c - +0 kite shield
rNeg     . . .     Spirit   .   b - +0 scale mail
rPois    .         Reflect  .   (helmet unavailable)
rElec    .         Harm     .   (no cloak)
rCorr    .         Rampage  .   (no gloves)
Will     .....                  (no boots)
Stlth    ..........             (no amulet)
HPRegen  0.09/turn              (no ring)
MPRegen  0.09/turn              (no ring)

@: very slightly contaminated, invisible, very slow
A: permanent stasis, dig shafts and tunnels, antennae 3, four strong arms
a: Dig, Renounce Religion, Bend Time, Temporal Distortion, Slouch


You were in the Dungeon.
You worshipped Cheibriados.
Cheibriados was greatly pleased with you.
You visited 1 branch

Inventory:

Hand Weapons
 a - a +0 war axe (weapon)
Armour
 b - a +0 scale mail (worn)
 c - a +0 kite shield (worn)
Scrolls
 i - 5 scrolls of amnesia
 j - a scroll of summoning
Potions
 d - a potion of might
 e - a potion of curing
 f - a potion of heal wounds
 g - 4 potions of magic
 h - a potion of invisibility


   Skills:
 - Level 3.2 Fighting
 * Level 5.2 Axes
 - Level 3.2 Armour
 + Level 5.4 Shields
 + Level 3.0 Invocations


You had 2 spell levels left.
You didn't know any spells.
Your spell library was empty.

Dungeon Overview and Level Annotations

Branches:
Dungeon (1/1)

Altars:
Ashenzari
Cheibriados
Dithmenos
Elyvilon
Fedhas
Gozag
Hepliaklqana
Kikubaaqudgha
Makhleb
Nemelex Xobeh
Okawaru
Qazlal
Ru
Sif Muna
Trog
Uskayaw
Vehumet
Wu Jian
Xom
Yredelemnul
Zin
The Shining One
Beogh
Jiyva
Lugonu


Innate Abilities, Weirdness & Mutations

You cannot be hasted, slowed, berserked, paralysed or teleported.
You can dig through walls and to a lower floor.
You have a pair of large antennae on your head. (SInv)
Your four strong arms can wield two-handed weapons with a shield.


Message History

Increase (S)trength, (I)ntelligence, or (D)exterity?
You feel stronger.
Unknown command.
You fade into invisibility!
You block the rat's attack.
You are very lightly contaminated with residual magic.
Unknown command.
You barely miss the rat. You block the rat's attack.
You slash the rat!
You kill the rat!
Cheibriados appreciates the change of pace.
You can now inflict damage on those overly hasty.
Cheibriados raises the support of your attributes as your movement slows.
Your Invocations skill increases to level 3!
You hit the orc warrior but do no damage.
The orc warrior barely misses you. You block the orc warrior's attack.
You strike the helpless orc warrior from behind!
You slash the orc warrior!
The orc warrior is moderately wounded.
You block the orc warrior's attack.
You hit the orc warrior but do no damage.
The orc warrior is moderately wounded.
You block the orc warrior's attack.
The orc warrior hits you with a +0 short sword!
You hit the orc warrior but do no damage.
The orc warrior is moderately wounded.
You block the orc warrior's attack.
You slash the orc warrior!
The orc warrior is severely wounded.
The orc warrior completely misses you.
You catch the helpless orc warrior completely off-guard!
You hit the orc warrior but do no damage.
The orc warrior is severely wounded.
The orc warrior hits you with a +0 short sword.
The orc warrior hits you with a +0 short sword!
* * * LOW HITPOINT WARNING * * *
You closely miss the orc warrior.
The orc warrior is severely wounded.
The orc warrior hits you with a +0 short sword!
You die...

#_______...###########++
##########'##...........
#.?(!')))'.##......#..#.
##########.##†..........
#..........†'...........
#+#####)#####......#..#.
#. #...'.##...........
#..#...#.#####'#####++
#..#####@##.......#
#..o..o#o##.......#
#..'..{oo##.......#
#..########...<...# #.o
#.......# # #.......#
#.......# { { {{
######### { {


You could see an orc warrior, an orc wizard and an orc.

Vanquished Creatures
  An orc wizard (D)
  A giant cockroach (D)
  8 jackals (D)
  A ball python (D)
  A frilled lizard (D)
  A kobold (D)
  A rat (D)
14 creatures vanquished.

Notes
Turn   | Place    | Note
-------+----------+-------------------------------------------
     0 | D        | rocky1 the Formicid Fighter began the quest for the Orb.
     0 | D        | Reached XP level 1. HP: 18/18 MP: 1/1
    35 | D        | Found a bloodstained altar of Trog.
    35 | D        | Found a shimmering blue altar of Sif Muna.
    35 | D        | Found a viscous altar of Jiyva.
    35 | D        | Found a hazy altar of Hepliaklqana.
    35 | D        | Found an opulent altar of Gozag.
    36 | D        | Found a glowing golden altar of the Shining One.
    36 | D        | Found a glowing silver altar of Zin.
    36 | D        | Found a basalt altar of Yredelemnul.
    36 | D        | Found a shimmering altar of Xom.
    36 | D        | Found an ornate altar of the Wu Jian Council.
    36 | D        | Found a sacrificial altar of Ru.
    36 | D        | Found a stormy altar of Qazlal.
    36 | D        | Found an iron altar of Okawaru.
    36 | D        | Found a sparkling altar of Nemelex Xobeh.
    36 | D        | Found a burning altar of Makhleb.
    36 | D        | Found a blossoming altar of Fedhas.
    36 | D        | Found a white marble altar of Elyvilon.
    36 | D        | Found a shadowy altar of Dithmenos.
    36 | D        | Found a snail-covered altar of Cheibriados.
    40 | D        | Found a corrupted altar of Lugonu.
    40 | D        | Found a radiant altar of Vehumet.
    41 | D        | Found a broken altar of Ashenzari.
    41 | D        | Found an ancient bone altar of Kikubaaqudgha.
    41 | D        | Found a hide-covered altar of Uskayaw.
    49 | D        | Became a worshipper of Cheibriados the Contemplative
    91 | D        | Reached XP level 2. HP: 24/24 MP: 2/2
   106 | D        | Reached * piety under Cheibriados
   107 | D        | Reached ** piety under Cheibriados
   108 | D        | Reached skill level 1 in Invocations
   111 | D        | Reached *** piety under Cheibriados
   177 | D        | Noticed an orc warrior
   187 | D        | Reached skill level 5 in Axes
   187 | D        | Reached skill level 5 in Shields
   187 | D        | Reached XP level 3. HP: 25/29 MP: 3/5
   189 | D        | Reached **** piety under Cheibriados
   196 | D        | Mangled by an orc warrior

Illustrated notes

Levels and vault maps discovered:
D:        pitsprint [storerooms_1, entrance_room_1, metal_vault_2, armoury_3,
          mini_pit_1, grid_room_1, main_hall_1, silver_pit, the_coven_1,
          the_vestibule_1, steel_vault_3, golden_pit, hallway_of_sentries,
          crystal_vault_1, iron_vault_3, final_vault]

Skill      XL: |  1  2  3 |
---------------+----------+-----
Axes           | 3 5 |  5.2
Shields        | 4 5 |  5.4
Invocations    | 2 3 |  3.0
Fighting       | |  3.2
Armour         | |  3.2

Action                   || total
-------------------------++-------
Melee: War axe           ||    44
  Use: Potion            ||     1
 Stab: Invisible         ||     2
Armor: Scale mail        ||    25
Dodge: Dodged            ||    23
Block: Kite shield       ||    28

Table legend: (Time is in decaauts)
 A = Elapsed time spent in this place.
 B = Non-inter-level travel time spent in this place.
 C = Inter-level travel time spent in this place.
 D = Time resting spent in this place.
 E = Time spent auto-exploring this place.
 F = Levels seen in this place.
 G = Mean time per level.
                   A        B        C        D        E       F      G
               +--------+--------+--------+--------+--------+-----+--------+
         Total |    235 |    235 |      0 |     56 |      0 |   1 |  235.0 |
       Dungeon |    235 |    235 |      0 |     56 |      0 |   1 |  235.0 |
               +--------+--------+--------+--------+--------+-----+--------+

Top non-repeatable levels by time:
       D: 235 daAuts
